 Dungeon Crawl Stone Soup version 0.29.1-15-g9cfb28693d (webtiles) character file.

Game seed: 10355188387697709448

146 Heoruswealwe the Magician (level 5, 0/28 HPs)
             Began as a Deep Elf Earth Elementalist on Apr 16, 2023.
             Slain by Terence
             ... wielding a +0 mace
              (7 damage)
             ... on level 3 of the Dungeon.
             The game lasted 00:12:21 (1634 turns).

Heoruswealwe the Magician (DEEE)                    Turns: 1634, Time: 00:12:21

Health: 0/28       AC:  2    Str:  5    XL:     5   Next: 7%
Magic:  12/15      EV: 12    Int: 22    God:
Gold:   102        SH:  0    Dex: 15    Spells: 5/15 levels left

rFire   . . .      SeeInvis .   b - +0 scimitar (vorpal)
rCold   . . .      Faith    .   (no shield)
rNeg    . . .      Spirit   .   c - +0 robe
rPois   .          Reflect  .   (no helmet)
rElec   .          Harm     .   (no cloak)
rCorr   .          Rampage  .   (no gloves)
Will    .....                   (no boots)
Stlth   ++........              i - amulet of regeneration
HPRegen 0.89/turn               (no ring)
MPRegen 0.14/turn               (no ring)

@: no status effects
A: no striking features
a: no special abilities


You were on level 3 of the Dungeon.
You visited 1 branch of the dungeon, and saw 3 of its levels.

You collected 102 gold pieces.

Inventory:

Hand Weapons
 b - a +0 vorpal scimitar (weapon)
Armour
 c - a +0 robe (worn)
Jewellery
 i - an amulet of regeneration (around neck)
Wands
 h - a wand of roots (7)
Scrolls
 a - a scroll of identify
Potions
 d - 2 potions of curing
 e - a potion of resistance {unknown}
 f - 2 potions of flight
 g - a potion of magic
 j - a potion of haste


   Skills:
 - Level 2.4 Dodging
 - Level 2.4 Stealth
 + Level 5.5 Spellcasting
 - Level 1.1 Transmutations
 + Level 5.0 Earth Magic


You had 5 spell levels left.
You knew the following spells:

 Your Spells              Type           Power      Damage    Failure   Level
a - Sandblast             Erth           56%        2d13      1%          1
b - Stone Arrow           Conj/Erth      34%        3d9       11%         3
c - Petrify               Tmut/Erth      19%        N/A       26%         4
z - Passwall              Tmut/Erth      15%        N/A       4%          2

Your spell library contained the following spells:

 Spells                   Type           Power      Damage    Failure   Level
 Apportation              Tloc           12%        N/A       10%         1
 Necrotise                Necr           24%        1d5       10%         1
 Summon Small Mammal      Summ           24%        N/A       10%         1


Dungeon Overview and Level Annotations

Branches:
Dungeon (3/15)

Altars:

Annotations:
D:3 Terence


Message History

Terence the Incautious comes into view.
He is wielding a +0 mace and wearing a +2 ring mail of fire resistance.
An orc comes into view. It is wielding a +0 flail.
Terence shouts!
The orc shouts!
The blast of sand hits the bat!!
You kill the bat!
Terence drinks a potion.
Terence flickers and vanishes!
Deactivating autopickup; reactivate with Ctrl-A.
You can't see any susceptible monsters within range! (Use Z to cast anyway.)
The orc throws a boomerang.
The boomerang misses you.
The orc throws a boomerang.
The boomerang closely misses you.
You can't see any susceptible monsters within range! (Use Z to cast anyway.)
The orc throws a boomerang.
The boomerang hits you.
You can't see any susceptible monsters within range! (Use Z to cast anyway.)
You can't see any susceptible monsters within range! (Use Z to cast anyway.)
The orc throws a boomerang.
The boomerang misses you.
You can't see any susceptible monsters within range! (Use Z to cast anyway.)
Casting: Sandblast (safe; 1% risk of failure)
Confirm with . or Enter, or press ? or * to list all spells.
You can't see any susceptible monsters within range! (Use Z to cast anyway.)
Casting: Sandblast (safe; 1% risk of failure)
Confirm with . or Enter, or press ? or * to list all spells.
Aiming: Sandblast (safe; 1% risk of failure)
Press: ? - help, Shift-Dir - straight line The blast of sand hits something but does no damage.
Something hits you!
The blast of sand hits something but does no damage.
Something hits you.
Casting: Sandblast (safe; 1% risk of failure)
Confirm with . or Enter, or press ? or * to list all spells.
Aiming: Sandblast (safe; 1% risk of failure)
Press: ? - help, Shift-Dir - straight line, f/p - orc
Aim: an orc, wielding a +0 flail, wearing a +0 scale mail and quivering boomerangs (85% to hit)
The blast of sand hits something!
Something hits you.
The orc throws a boomerang.
Something hits you.
The orc throws a boomerang.
Something hits you!
* * * LOW HITPOINT WARNING * * *
The orc throws a boomerang.
Something hits you!
You die...

#.......####.....##.....
###.....#.# #....†#######
#.'.....#.####..........#
##.#.....#...............#
#.......o#.##.#..........#
#..###.....##.#..........##
###...........#.#############
#...............# ##### #
####.###....@..## #...# #
#.##........# ##.#.#####
#.##........# #....#....
####.......## #..#######
#..[....######..# #...
#....#..........# #...
#....##.........# #...
#....######.###.# #...
#....##...<.# #.# #...


You could see an orc.

Vanquished Creatures
  Jessica (D:2)
  6 adders
  2 dart slugs
  5 orcs (D:3)
  5 endoplasms
  3 giant cockroaches
  3 hobgoblins
  4 jackals (D:2)
  3 quokkas
  4 ball pythons
  5 bats
  3 frilled lizards
  4 goblins
  3 kobolds
  8 rats
59 creatures vanquished.

Notes
Turn   | Place    | Note
-------+----------+-------------------------------------------
     0 | D:1      | Heoruswealwe the Deep Elf Earth Elementalist began the
                  | quest for the Orb.
     0 | D:1      | Reached XP level 1. HP: 10/10 MP: 6/6
    81 | D:1      | Reached XP level 2. HP: 9/15 MP: 2/8
    84 | D:1      | Learned a level 2 spell: Passwall
   729 | D:2      | Noticed Jessica
   733 | D:2      | Killed Jessica
   734 | D:2      | Reached XP level 3. HP: 19/19 MP: 5/10
  1061 | D:2      | Reached XP level 4. HP: 24/24 MP: 9/12
  1217 | D:3      | Reached skill level 5 in Spellcasting
  1355 | D:3      | Reached skill level 5 in Earth Magic
  1355 | D:3      | Reached XP level 5. HP: 24/28 MP: 11/14
  1359 | D:3      | Learned a level 3 spell: Stone Arrow
  1364 | D:3      | Learned a level 4 spell: Petrify
  1535 | D:3      | Identified the +1 chain mail of Viap {-Tele Will- rCorr
                  | Slay+5}
  1610 | D:3      | Noticed Terence
  1634 | D:3      | Slain by Terence

Illustrated notes

Levels and vault maps discovered:
D:1:      minmay_arrival_glassed_features, layout_loops_ring, minmay_surrounded
D:2:      layout_basic, uniq_jessica
D:3:      layout_basic, chequers_ecumenical_altar_twisty, uniq_terence

Skill      XL: |  1  2  3  4 |
---------------+-------------+-----
Spellcasting   | 4 5 |  5.5
Earth Magic    | 4 5 |  5.0
Dodging        | |  2.4
Stealth        | |  2.4
Transmutations | |  1.1

Action                   |  1- 3 |  4- 6 || total
-------------------------+-------+-------++-------
 Cast: Sandblast         |    36 |    35 ||    71
  Use: Potion            |     4 |       ||     4
       Scroll            |     2 |       ||     2
Armor: Robe              |     3 |     1 ||     4
Dodge: Dodged            |     1 |     4 ||     5
